 Dungeon Crawl Stone Soup version 0.22.0-27-ga576289601 (webtiles) character file.

16419 Flugkiller the Cleaver (level 12, 0/114 HPs)
             Began as a Deep Dwarf Fighter on Aug 23, 2018.
             Was an Elder of Makhleb.
             Slain by an eight-headed hydra (4 damage)
             ... on level 1 of the Lair of Beasts.
             The game lasted 00:11:59 (9014 turns).

Flugkiller the Cleaver (Deep Dwarf Fighter)         Turns: 9014, Time: 00:12:00

Health: 0/114      AC: 18    Str: 25    XL:     12   Next: 9%
Magic:  11/11      EV:  5    Int:  9    God:    Makhleb [****..]
Gold:   680        SH: 10    Dex: 12    Spells: 11/11 levels left

rFire    + . .     SeeInvis .   a - +0 war axe
rCold    + . .     Gourm    .   c - +0 shield
rNeg     . . .     Faith    .   k - +0 plate armour
rPois    .         Spirit   .   (no helmet)
rElec    .         Reflect  .   r - +0 cloak
rCorr    .         Harm     .   (no gloves)
MR       +....                  N - +1 pair of boots {Fly}
Stlth    ..........             (no amulet)
HPRegen  0.00/turn              y - ring of protection from fire
MPRegen  0.12/turn              e - ring of protection from cold

@: flying, non-regenerating
A: damage resistance, heal wounds, sense surroundings 2, no regeneration
a: Heal Wounds, Minor Destruction, Lesser Servant of Makhleb, Major Destruction,
Renounce Religion, Stop Flying


You were on level 1 of the Lair of Beasts.
You worshipped Makhleb.
Makhleb was greatly pleased with you.
You were not hungry.

You visited 4 branches of the dungeon, and saw 14 of its levels.

You collected 680 gold pieces.

Inventory:

Hand Weapons
 a - a +0 war axe (weapon)
Armour
 c - a +0 shield (worn)
 k - a +0 plate armour (worn)
 r - a +0 cloak (worn)
 N - a +1 pair of boots of flying (worn)
Jewellery
 e - a ring of protection from cold (right hand)
 g - a cursed ring of magical power {unknown}
 q - a cursed ring of protection from cold
 y - a ring of protection from fire (left hand)
 D - a +2 ring of protection {unknown}
 E - an uncursed ring of poison resistance {unknown}
 P - an uncursed ring of ice {unknown}
 S - a +2 ring of evasion {unknown}
Wands
 b - a wand of paralysis (24)
 w - a wand of disintegration (18)
 x - a wand of scattershot (3)
 B - a wand of flame (45)
 K - a wand of random effects (52)
 O - a wand of enslavement (25)
 R - a wand of polymorph (2)
Scrolls
 i - 7 scrolls of enchant armour {unknown}
 l - 6 scrolls of remove curse {unknown}
 o - 8 scrolls of identify {unknown}
 t - 2 scrolls of random uselessness {unknown}
 v - 4 scrolls of teleportation {unknown}
 A - 3 scrolls of fog {unknown}
 F - 3 scrolls of immolation {unknown}
 G - a scroll of brand weapon {unknown}
 I - a scroll of blinking {unknown}
 J - 2 scrolls of amnesia {unknown}
 M - a scroll of fear {unknown}
Potions
 d - a potion of might
 h - 3 potions of curing {unknown}
 j - a potion of cancellation {unknown}
 m - 5 potions of lignification {unknown}
 n - 2 potions of resistance {unknown}
 p - 7 potions of heal wounds {unknown}
 s - 2 potions of berserk rage {unknown}
 u - 3 potions of magic {unknown}
 z - 3 potions of degeneration {unknown}
 C - a potion of flight {unknown}
 H - a potion of ambrosia {unknown}
 L - a potion of brilliance {unknown}
 Q - a potion of invisibility {unknown}
Comestibles
 f - 26 rations
 T - 9 chunks of flesh


   Skills:
 + Level 9.1 Fighting
 * Level 13.9 Axes
 + Level 10.6 Armour
 - Level 3.2 Shields
 + Level 9.5 Invocations


You had 11 spell levels left.
You didn't know any spells.
Your spell library contained the following spells:

 Spells                   Type           Power        Failure   Level  Hunger
 Flame Tongue             Conj/Fire      #....        100%        1    ##.....
 Throw Flame              Conj/Fire      #.....       100%        2    ###....
 Conjure Flame            Conj/Fire      #.......     100%        3    ####...
 Inner Flame              Hex/Fire       #.......     100%        3    ####...
 Sticky Flame             Conj/Fire      #.......     100%        4    #####..
 Fireball                 Conj/Fire      #.........   100%        5    ######.


Dungeon Overview and Level Annotations

Branches:
Dungeon (11/15)            Temple (1/1) D:6            Lair (1/6) D:11
    Orc (1/2) D:9

Altars:
Ashenzari
Cheibriados
Gozag
Hepliaklqana
Kikubaaqudgha
Makhleb
Nemelex Xobeh
Qazlal
Sif Muna
Trog
Vehumet
Wu Jian
Xom
Yredelemnul
Zin

Shops:
D:6 *   D:10 %[

Annotations:
D:7 2 transporters, sunhra's ghost, novice OpAs


Innate Abilities, Weirdness & Mutations

You are resistant to damage.
You can heal yourself by infusing magical energy.
You passively map the area around you.
You do not regenerate.


Message History

The eight-headed hydra is almost dead.
The eight-headed hydra bites you but does no damage.
You block the eight-headed hydra's attack.
The eight-headed hydra bites you but does no damage.
The eight-headed hydra barely misses you.
The eight-headed hydra bites you but does no damage. x2
The eight-headed hydra bites you.
* * * LOW HITPOINT WARNING * * *
You block the eight-headed hydra's attack.
Press: ? - help, Shift-Dir - straight line, f/p - eight-headed hydra
Aim: an eight-headed hydra (almost dead)
The sticky flame hits the eight-headed hydra.
The eight-headed hydra is almost dead.
The eight-headed hydra is covered in liquid flames!
The eight-headed hydra burns!
You block the eight-headed hydra's attack.
The eight-headed hydra bites you.
You block the eight-headed hydra's attack.
The eight-headed hydra bites you!
You die...

### ####### ### ##.##########
#.....# #####.###............
#.#...# #......##.##.####..(.
#.#...######....÷..>............
#..[..>.........................
#.............♣#♣.##..######....
##....######..♣♣♣.##.## #P....
####....####♣♣♣♣@♣.♣♣♣♣ ♣#♣..♣
#...........♣.♣D♣♣♣♣ ♣♣♣♣
#..........♣♣♣§♣.♣♣♣♣ * , *
#....†.....♣♣§♣.♣.♣.♣♣, , *
#..........######♣.♣.♣♣ * * *
#..........######..♣♣.♣ * , ,
#..........#....#♣♣..♣♣ * * *
#..........#....#♣♣.♣♣ * , ,
#..........#....'..♣.♣, *, *


You could see an eight-headed hydra (burning).

Vanquished Creatures
  2 two-headed ogres (D:10)
  Pikel (D:4)
  A centaur zombie (D:10)
  A spiny frog (Lair:1)
  A komodo dragon (D:11)
  A hornet (D:11)
  A troll (Orc:1)
  A polar bear (Lair:1)
  6 blink frogs (Lair:1)
  Prince Ribbit (D:9)
  3 hippogriffs
  A shadow (D:11)
  2 wyverns
  16 yaks
  A human (D:7)
  Eustachio (D:5)
  4 hogs (D:7)
  A steam dragon (D:10)
  5 water moccasins
  A porcupine (Lair:1)
  9 orc warriors
  3 ice beasts
  A slave (D:3)
  4 necrophages
  2 sky beasts
  3 phantoms
  4 ogres
  3 centaurs
  9 bullfrogs
  A water moccasin zombie (D:11)
  7 scorpions
  7 killer bees
  4 wights (D:7)
  A howler monkey (D:9)
  2 bullfrog zombies
  5 crimson imps
  A centaur skeleton (D:6)
  5 hounds
  4 jellies
  A bullfrog skeleton (D:8)
  3 gnoll shamans (D:6)
  7 orc priests
  8 iguanas
  13 orc wizards
  6 worker ants
  2 hound zombies (D:8)
  A mummy (D:9)
  A worker ant zombie (D:8)
  42 gnolls
  13 adders
  3 howler monkey skeletons
  3 shadow imps
  An ooze (D:2)
  2 adder skeletons
  5 worms
  3 dart slugs
  7 leopard geckos
  35 orcs
  12 bats
  9 giant cockroaches
  8 goblins
  12 hobgoblins
  18 jackals
  8 kobolds
  3 quokkas
  6 frilled lizards
  A leopard gecko skeleton (D:4)
  8 rats
  A plant (D:11)
368 creatures vanquished.

Vanquished Creatures (collateral kills)
  2 hydras
  A blink frog (Lair:1)
3 creatures vanquished.

Vanquished Creatures (others)
  An orc wizard (D:6)
  A plant (D:11)
2 creatures vanquished.

Grand Total: 373 creatures vanquished

Notes
Turn   | Place    | Note
-------+----------+-------------------------------------------
     0 | D:1      | Flugkiller the Deep Dwarf Fighter began the quest for the Orb.
     0 | D:1      | Reached XP level 1. HP: 20/20 MP: 1/1
    74 | D:1      | Reached XP level 2. HP: 27/27 MP: 2/2
   261 | D:1      | Reached skill level 3 in Axes
   351 | D:1      | Reached XP level 3. HP: 31/34 MP: 3/3
  1012 | D:2      | Reached XP level 4. HP: 37/42 MP: 4/4
  1280 | D:3      | Found a sparkling altar of Nemelex Xobeh.
  1357 | D:3      | Reached skill level 4 in Axes
  1400 | D:3      | Reached XP level 5. HP: 40/49 MP: 5/5
  1637 | D:3      | Found an opulent altar of Gozag.
  1667 | D:3      | Found a faded altar of an unknown god.
  1783 | D:4      | Reached skill level 5 in Axes
  1829 | D:4      | Noticed a slave
  1838 | D:4      | Noticed a slave
  1838 | D:4      | Noticed Pikel
  1839 | D:4      | Noticed a slave
  1865 | D:3      | Killed a slave
  1892 | D:4      | Noticed a slave
  1903 | D:4      | HP: 2/50 [Pikel/whip of flaming (1)]
  1928 | D:4      | Killed Pikel
  1928 | D:4      | Reached skill level 6 in Axes
  1928 | D:4      | Reached skill level 5 in Armour
  1928 | D:4      | Reached XP level 6. HP: 31/58 MP: 4/4
  1928 | D:4      | Reached XP level 7. HP: 35/66 MP: 5/5
  2271 | D:5      | Entered Level 5 of the Dungeon
  2323 | D:5      | Reached skill level 7 in Axes
  2475 | D:5      | Noticed Eustachio
  2502 | D:5      | Killed Eustachio
  2502 | D:5      | Reached skill level 5 in Fighting
  2502 | D:5      | Reached XP level 8. HP: 74/74 MP: 6/6
  2550 | D:5      | Found the -2 hat of the Alchemist {rElec rPois rF+ rC+ rN+ MR+ rMut rCorr}
  2741 | D:5      | Reached skill level 8 in Axes
  2768 | D:5      | Found an ornate altar of the Wu Jian Council.
  3532 | D:6      | Reached skill level 9 in Axes
  3579 | D:6      | Found a staircase to the Ecumenical Temple.
  3592 | Temple   | Entered the Ecumenical Temple
  3676 | Temple   | Became a worshipper of Makhleb the Destroyer
  3783 | D:6      | Reached skill level 1 in Invocations
  3783 | D:6      | Gained mutation: You passively map the area around you. [Deep Dwarf growth]
  3783 | D:6      | Reached XP level 9. HP: 66/82 MP: 7/7
  3945 | D:6      | Found a hazy altar of Hepliaklqana.
  4108 | D:6      | Found Woshaam's Assorted Antiques.
  4302 | D:6      | Reached * piety under Makhleb
  4529 | D:7      | Found a stormy altar of Qazlal.
  4543 | D:7      | Reached skill level 10 in Axes
  4638 | D:7      | Found a transporter.
  4674 | D:7      | Found a transporter.
  4674 | D:7      | Noticed sunhra's ghost (novice OpAs)
  4707 | D:7      | Reached ** piety under Makhleb
  4786 | D:7      | Found a shattered altar of Ashenzari.
  4890 | D:7      | Reached XP level 10. HP: 80/92 MP: 10/10
  4892 | D:7      | Reached skill level 11 in Axes
  4900 | D:7      | Reached skill level 5 in Invocations
  5149 | D:8      | Noticed Prince Ribbit
  5367 | D:8      | Found a radiant altar of Vehumet.
  5973 | D:9      | Reached *** piety under Makhleb
  6020 | D:9      | Found an ancient bone altar of Kikubaaqudgha.
  6087 | D:9      | Found a snail-covered altar of Cheibriados.
  6090 | D:9      | Killed Prince Ribbit
  6161 | D:9      | Found a staircase to the Orcish Mines.
  6201 | D:9      | Reached skill level 12 in Axes
  6451 | D:9      | Reached XP level 11. HP: 78/102 MP: 12/12
  6912 | Orc:1    | Entered Level 1 of the Orcish Mines
  6980 | D:10     | Entered Level 10 of the Dungeon
  6981 | D:10     | Found Niaroext's Food Emporium.
  6995 | D:10     | Reached **** piety under Makhleb
  7077 | D:10     | Found Kiatodoi's Armour Emporium.
  7096 | D:10     | Noticed a two-headed ogre
  7115 | D:10     | Killed a two-headed ogre
  7356 | D:10     | Noticed a two-headed ogre
  7365 | D:10     | Killed a two-headed ogre
  7387 | D:10     | Reached skill level 13 in Axes
  7438 | D:10     | Reached skill level 10 in Armour
  7861 | D:11     | Noticed a four-headed hydra
  7862 | D:11     | Paralysed by a hornet for 3 turns
  7890 | D:11     | Killed a six-headed hydra
  7982 | D:11     | Found a staircase to the Lair.
  8407 | Lair:1   | Entered Level 1 of the Lair of Beasts
  8540 | Lair:1   | Noticed a six-headed hydra
  8549 | Lair:1   | Killed an eight-headed hydra
  8681 | Lair:1   | Reached XP level 12. HP: 85/112 MP: 11/11
  9000 | Lair:1   | Noticed an eight-headed hydra
  9014 | Lair:1   | Slain by an eight-headed hydra

Skill      XL: |  1  2  3  4  5  6  7  8  9 10 11 12 |
---------------+-------------------------------------+-----
Axes           | 3 4 6 7 9 10 12 13 | 13.9
Fighting       | 3 4 5 6 7 8 9 |  9.1
Armour         | 4 5 6 7 8 9 10 | 10.6
Invocations    | 1 4 7 9 |  9.5
Shields        | |  3.2

Action                   |  1- 3 |  4- 6 |  7- 9 | 10-12 || total
-------------------------+-------+-------+-------+-------++-------
Melee: War axe           |   114 |   147 |   599 |   734 ||  1594
Invok: Minor Destruction |       |       |       |    19 ||    19
       Lesser Servant of |       |       |       |     5 ||     5
       Major Destruction |       |       |       |     6 ||     6
 Abil: Heal Wounds       |     1 |     7 |    18 |    19 ||    45
  Eat: Chunk             |     1 |     3 |    11 |    11 ||    26
       Ration            |       |       |       |     1 ||     1
Armor: Scale mail        |    73 |   102 |   254 |    55 ||   484
       Plate armour      |       |       |       |   363 ||   363
Dodge: Dodged            |    41 |    72 |   161 |   167 ||   441
Block: Shield            |    68 |   100 |   276 |   370 ||   814
